Khor, neutral male gnomish Healer --------# |......|# |......|# ----------- #-.......# |.........-# ###|......|# |..[.....^|# # |......|# ------------- --------- |..........##### |......|# |`....*....`-# |.......| |......)..|# ---.----#####......*.....|######### ##.....<..| |.........|# # |...-.---...|# ` ---|- # |.......| |.........|### # |...|.[.|...|# ###|...| ### --------- ----------- # # #|..`|{.{|`...#####-...| # `########` ####### #|...|.{.|.I.|# #|...|### # -|---.-- #|...-----I..|# #+...|# ### |....)..*###......`..[..|# |...-# # |......| # |*.*..).f..`|# ----- ##-*.....| ## ------------- |......| -------- Khor the Empiric Experience level: 3 Strength: 18/04 Dexterity: 8 Constitution: 18 Intelligence: 9 Wisdom: 18 Charisma: 15 Health: 0(40) Energy: 19(19) Def: 20 Gold: 431 Moves: 16541 Dungeon seed: bU10bSNQn1l7Vf8A Game ID: Khor_1433753366 Your Inventory: Coins $ - 431 gold pieces Amulets L - an uncursed amulet of reflection (being worn) Weapons t - an uncursed -3 scalpel (weapon in hand) Armor e - an uncursed +0 elven cloak (being worn) m - an uncursed +0 pair of speed boots (being worn) n - a cursed -1 pair of levitation boots named cursed z - an uncursed +0 mummy wrapping G - a blessed +1 dwarvish mithril-coat (being worn) I - an uncursed +0 dwarvish iron helm (being worn) Comestibles d - an uncursed coffee bean g - 2 uncursed tripe rations o - 2 uncursed eucalyptus leaves A - 7 uncursed apples E - an uncursed candy bar H - 3 uncursed sprigs of wolfsbane Q - 11 uncursed food rations U - 2 uncursed lizard corpses Potions V - an uncursed potion of restore ability Rings Y - an uncursed +4 ring of adornment Wands c - an uncursed wand of polymorph (0:3) f - an uncursed wand of sleep (0:7) i - an uncursed wand of light (0:12) j - an uncursed wand of probing (0:5) p - an uncursed wand of cold (0:3) r - an uncursed wand of striking (0:3) w - an uncursed wand of make invisible (0:8) D - an uncursed wand of create monster (0:14) J - an uncursed wand of digging (0:6) K - an uncursed wand of teleportation (0:4) M - a blessed wand of striking (0:3) N - an uncursed wand of magic missile (0:5) O - an uncursed wand of create monster (0:11) P - an uncursed wand of make invisible (0:4) S - an uncursed wand of digging (0:0) T - a cursed wand of fire (0:3) W - a cursed wand of probing (0:0) X - a cursed wand of striking (0:6) Tools a - an uncursed magic whistle b - an uncursed sack k - an uncursed skeleton key l - an uncursed leash s - an uncursed stethoscope u - an uncursed +0 unicorn horn Gems y - 2 uncursed flint stones Contents of the sack: 6787 gold pieces an uncursed scroll of charging a blessed scroll of create monster 2 uncursed scrolls of create monster an uncursed scroll of earth an uncursed scroll of fire a cursed scroll of fire an uncursed scroll of identify 2 uncursed scrolls of light 2 uncursed scrolls of teleportation an uncursed spellbook of protection an uncursed potion of booze a blessed potion of confusion an uncursed potion of confusion an uncursed potion of full healing a blessed potion of gain level 2 uncursed potions of gain level 3 uncursed potions of healing an uncursed potion of invisibility an uncursed potion of monster detection an uncursed potion of object detection a blessed potion of polymorph a blessed potion of sickness an uncursed potion of sickness a cursed ring of hunger a cursed ring of hunger a cursed -2 ring of increase damage a cursed ring of invisibility a cursed ring of polymorph an uncursed ring of warning an uncursed bag of tricks (0:8) a cursed blindfold an uncursed expensive camera (0:75) an uncursed magic flute (0:7) Spells known in the end: Name Level Category Fail Memory a - healing 1 healing 67% 18% b - extra healing 3 healing 75% 18% c - stone to flesh 3 healing 98% 18% d - force bolt 1 attack 94% 53% e - haste self 3 escape 100% 54% Your skills at the end: Fighting Skills Weapon Skills knife [Basic] Spellcasting Skills healing spells [Basic] Final Attributes: You were fervently aligned. You were poison resistant. You were telepathic. You had infravision. You were invisible. You were stealthy. You were protected. You were very fast. You had reflection. You are dead. Vanquished creatures: 2 vampire lords 3 vampires 7 ghosts 2 queen bees 2 giant mimics an ice troll a flesh golem 2 doppelgangers 3 stalkers a giant zombie a water demon a warg 3 small mimics a xan 3 trolls a sasquatch a marilith a dwarf king 2 ochre jellies a mountain centaur a stone giant a human mummy 2 red nagas 12 wraiths an ettin zombie a leather golem 2 Grey-elves 2 horned devils an incubus a chameleon 2 quivering blobs a wolf a winter wolf cub a gremlin 12 leprechauns a mumak a giant spider a horse 2 black lights 3 forest centaurs 2 gnome kings a dwarf mummy a rust monster an owlbear a yeti a werewolf 2 lizards a dog a jaguar a water nymph a black unicorn 3 dust vortices 3 ravens 2 plains centaurs a gnome mummy 2 snakes 2 apes 3 human zombies a fire ant 7 bugbears 2 imps a wood nymph 2 Mordor orcs 5 rock piercers a rock mole a pony a fog cloud a yellow light 9 shriekers a gnome lord a gnomish wizard a red naga hatchling a gray ooze 5 elf zombies 5 ghouls 2 giant ants 2 little dogs 5 floating eyes 4 kittens 8 dwarves 4 homunculi 3 kobold shamans 12 hill orcs 8 rothes 2 rabid rats 5 giant bats 7 orc zombies 6 dwarf zombies 3 wererats 2 werejackals 11 iguanas 40 killer bees 7 acid blobs a coyote 4 gas spores 6 hobbits 8 large kobolds 9 hobgoblins 17 giant rats 13 cave spiders 10 brown molds 11 yellow molds 2 green molds 5 red molds 3 gnomes 6 garter snakes 18 manes 10 gnome zombies 20 geckos 22 jackals 10 foxen 5 kobolds 11 goblins 4 sewer rats 23 grid bugs a bat 19 lichens 6 kobold zombies 17 newts 554 creatures vanquished. Voluntary challenges: You used a wielded weapon 4 times, starting on turn 7426. You were a pacifist. You read items or engraved 48 times, starting on turn 5. You never genocided any monsters. You never polymorphed an object. You never changed form. You cheated 4 times but completed Sokoban on turn 9990. You used 1 wish, starting on turn 3. You did not wish for any artifacts. You never split a pudding. You wrote Elbereth's name 24 times, starting on turn 235. You violated your moral code, losing 6 points of alignment, starting on turn 7426. Dungeon overview: The Dungeons of Doom: levels 1 to 25 Level 1 a long staircase Level 2 a general store, an altar to Hermes stairs to The Gnomish Mines Level 3 Level 4 Level 5 Level 6 Level 7 <- You were here many fountains Level 8 stairs to Sokoban Level 9 Level 10 a hardware shop Level 11 Level 12 Level 13 a fountain portal to The Quest Level 14 Level 15 Level 16 Level 17 Level 18 a fountain Level 19 a sink Level 20 some fountains Level 21 Level 22 a fountain Level 23 Level 24 Level 25 The Gnomish Mines: levels 3 to 6 Level 3 stairs to The Dungeons of Doom Level 4 Level 5 many shops, a temple to Athena, some fountains Level 6 The Quest: Level 1 portal to The Dungeons of Doom Sokoban: levels 4 to 7 Level 4 Level 5 Level 6 Level 7 stairs to The Dungeons of Doom History has recorded: On T:1 you entered the Dungeons of Doom to retrieve the Amulet of Yendor! On T:3 you wished for "blessed fixed greased figurine of an archon named Oblivion". On T:101 you reached level 2 of The Dungeons of Doom. On T:354 you reached level 3 of The Dungeons of Doom. On T:863 you reached level 1 of The Gnomish Mines. On T:1538 you reached level 4 of The Dungeons of Doom. On T:2002 you reached level 5 of The Dungeons of Doom. On T:2114 you reached level 6 of The Dungeons of Doom. On T:2598 you reached level 7 of The Dungeons of Doom. On T:3184 you reached level 8 of The Dungeons of Doom. On T:3393 you reached level 9 of The Dungeons of Doom. On T:3424 you reached level 4 of Sokoban. On T:3737 you reached level 3 of Sokoban. On T:5244 you reached level 2 of Sokoban. On T:5942 you reached level 1 of Sokoban. On T:7332 you reached level 2 of The Gnomish Mines. On T:7646 you reached level 3 of The Gnomish Mines. On T:8831 you received advice from The Oracle. On T:8831 you advanced to experience level 2. On T:9990 you entered the Sokoban zoo. On T:10811 you reached level 4 of The Gnomish Mines. On T:12036 you reached level 10 of The Dungeons of Doom. On T:12354 you reached level 11 of The Dungeons of Doom. On T:12522 you reached level 12 of The Dungeons of Doom. On T:12734 you reached level 13 of The Dungeons of Doom. On T:12773 you reached level 14 of The Dungeons of Doom. On T:12976 you reached level 1 of The Quest. On T:13207 you reached level 15 of The Dungeons of Doom. On T:13284 you reached level 16 of The Dungeons of Doom. On T:13832 you reached level 17 of The Dungeons of Doom. On T:14089 you reached level 18 of The Dungeons of Doom. On T:14475 you reached level 19 of The Dungeons of Doom. On T:14500 you reached level 20 of The Dungeons of Doom. On T:14982 you reached level 21 of The Dungeons of Doom. On T:15202 you reached level 22 of The Dungeons of Doom. On T:15605 you reached level 24 of The Dungeons of Doom. On T:15793 you reached level 25 of The Dungeons of Doom. On T:15829 you reached level 23 of The Dungeons of Doom. Score breakdown: Gold: 5383 (12691 points) Experience: 3 levels ( 7878 points) Exploration: 25 levels ( 50.00%) (20995 points) Discoveries: 31 items ( 10.62%) ( 9774 points) Valuables value: (no points given unless you survive) Artifact value: 0 ( 0 points) Variety of kills: 119 monsters ( 31.40%) (16810 points) Time penalty: 16541 turns (-3122 points) Survival: died (score multiplied by 80%) Total score: 52020 Latest messages: Robert's ghost is destroyed! You put a cursed blindfold into the sack. Oblivion swings his long sword named Sunsword at Karnov's ghost. Oblivion hits Karnov's ghost. Karnov's ghost is destroyed! The horned devil is killed! Oblivion hits the red naga. The red naga is killed! The warhorse hits the cave spider. The cave spider is killed! Something hits! (2x) You die... Final status: Goodbye Khor the Healer, killed by an invisible Archon called "Oblivion"... You died in The Dungeons of Doom on dungeon level 7 with 52020 points, and 7218 pieces of gold, after 16541 moves. You were level 3 with a maximum of 40 hit points when you died.